 Dungeon Crawl Stone Soup version 0.24.0-10-g970556be89 (console) character file.

Game seed: 11783792931900972673, levelgen mode: deterministic

2473 AlterAsc the Changer (level 9, 0/71 HPs)
             Began as a Yellow Draconian Transmuter on Nov 3, 2019.
             Was a Believer of Cheibriados.
             Killed by divine providence
             ... invoked by an orc priest
              (9 damage)
             ... on level 7 of the Dungeon.
             The game lasted 00:28:26 (7656 turns).

AlterAsc the Changer (Yellow Draconian Transmuter)  Turns: 7656, Time: 00:28:27

Health: 0/71       AC: 10    Str: 19    XL:     9   Next: 26%
Magic:  14/19      EV: 13    Int: 18    God:    Cheibriados [**....]
Gold:   334        SH:  0    Dex: 16    Spells: 14/22 levels left

rFire    . . .     SeeInvis .     - Unarmed
rCold    . . .     Gourm    .   (shield currently unavailable)
rNeg     . . .     Faith    .   (armour unavailable)
rPois    .         Spirit   .   (helmet restricted)
rElec    .         Reflect  .   e - +2 cloak
rCorr    +         Harm     .   (gloves currently unavailable)
MR       .....                  (no boots)
Stlth    +.........             s - amulet of regeneration
HPRegen  0.61/turn              (no ring)
MPRegen  0.16/turn              (no ring)

@: lethally poisoned (0 -> 0), blade hands (expiring), marked, very slow
A: spit acid, unfitting armour, cold-blooded, acid resistance, AC +7
a: Breathe Acid, End Transformation, Bend Time, Renounce Religion


You were on level 7 of the Dungeon.
You worshipped Cheibriados.
Cheibriados was pleased with you.
You were not hungry.
You had blades for hands.
You visited 2 branches of the dungeon, and saw 8 of its levels.
You also visited: Sewer.

You collected 334 gold pieces.

Inventory:

Missiles
 a - 57 arrows
Armour
 e - a +2 cloak (worn)
Jewellery
 s - an amulet of regeneration (around neck)
Wands
 x - a wand of digging (2)
Scrolls
 b - 3 scrolls of fear {unknown}
 d - 2 scrolls of teleportation
 f - 10 scrolls of remove curse
 i - 7 scrolls of identify
 k - 2 scrolls of blinking {unknown}
 l - 2 scrolls of amnesia {unknown}
 m - 2 scrolls of fog {unknown}
 t - 4 scrolls of immolation {unknown}
 u - a scroll of magic mapping {unknown}
 w - a scroll of summoning {unknown}
 y - a scroll of vulnerability {unknown}
Potions
 g - a potion of degeneration {unknown}
 h - 2 potions of magic {unknown}
 j - a potion of haste {unknown}
 n - 3 potions of agility {unknown}
 p - a potion of brilliance {unknown}
 q - 2 potions of lignification {unknown}
 r - 2 potions of berserk rage {unknown}
Comestibles
 c - 8 rations
 v - 10 chunks of flesh


   Skills:
 + Level 4.1 Fighting
 - Level 2.4 Dodging
 * Level 5.9 Unarmed Combat
 - Level 7.2 Spellcasting
 - Level 7.7 Transmutations


You had 14 spell levels left.
You knew the following spells:

 Your Spells              Type           Power        Failure   Level  Hunger
a - Beastly Appendage     Tmut           ####..       11%         1    None
b - Sticks to Snakes      Tmut           ####....     13%         2    None
c - Blade Hands           Tmut           ####......   50%         5    #####..

Your spell library contained the following spells:

 Spells                   Type           Power        Failure   Level  Hunger
 Spider Form              Tmut/Pois      ###.......   36%         3    ##.....
 Animate Skeleton         Necr           N/A          47%         1    None
 Apportation              Tloc           #.....       47%         1    None
 Confusing Touch          Hex            #.....       47%         1    None
 Corona                   Hex            #......      47%         1    None
 Summon Small Mammal      Summ           #...         47%         1    None
 Ensorcelled Hibernation  Hex/Ice        #.....       56%         2    None
 Ice Form                 Ice/Tmut       ###.....     65%         4    ####...
 Confuse                  Hex            #.......     75%         3    ##.....
 Dazzling Spray           Conj/Hex       #.....       75%         3    ##.....
 Tukima's Dance           Hex            #.......     75%         3    ##.....


Dungeon Overview and Level Annotations

Branches:
Dungeon (7/15)             Temple (1/1) D:5           Sewer (visited)

Altars:
Cheibriados
Dithmenos
Elyvilon
Hepliaklqana
Makhleb
Nemelex Xobeh
Okawaru
Qazlal
Trog
Uskayaw
Yredelemnul
The Shining One

Annotations:
D:4 1 runed translucent door, Crazy Yiuf


Innate Abilities, Weirdness & Mutations

You can spit globs of acid.
Your golden yellow scales are hard. (AC +7)
You cannot fit into any form of body armour.
You are cold-blooded and may be slowed by cold attacks.
You are resistant to acid. (rCorr)


Message History

The scorpion is almost dead.
You feel sick.
The scorpion stings you but does no damage.
You barely miss the scorpion.
The scorpion is almost dead.
The scorpion stings you.
* * * LOW HITPOINT WARNING * * *
You slash the scorpion!
You kill the scorpion!
Cheibriados thoroughly appreciates the change of pace.
The orc priest zaps a wand.
You easily resist.
There are monsters nearby!
You feel sick.
The killer bee zombie closely misses you.
Your transformation is almost over.
You feel sick.
The killer bee zombie hits you but does no damage. x2
The orc priest invokes the aid of Beogh against you.
Beogh smites you!
You die...

# ..# ... #o#.# #..## # #.##.#
####.o.###.....
###.#..#####..$........#
...........#......(..#
....<..............h#### #. .
#...)).......†.........###....
. #............).............#
# #..........^...#Z#.....#####
# ######.........#@#.....# # #
#...(.....#.......# #
#.........#.......# # #
#.......).#.......# #. #
#.........##......# ###..#
#..........)).....# #...o.
#...#########.....<.. #.....
#... ######### #...o. #..
.......


You could see a howler monkey, an orc priest and a killer bee zombie.

Vanquished Creatures
  Harold (D:7)
  Prince Ribbit (D:6)
  An ice beast (D:5)
  An ogre (D:5)
  A phantom (D:6)
  A bullfrog (D:6)
  2 scorpions
  4 wights
  2 crimson imps
  A bullfrog skeleton (D:6)
  An orc priest (D:7)
  A hound (D:6)
  5 iguanas
  2 worker ants
  5 orc wizards
  A worker ant zombie (D:6)
  12 adders
  9 oozes
  A worm (D:2)
  A dart slug (D:3)
  8 leopard geckos
  24 orcs
  6 ball pythons (Sewer)
  7 giant cockroaches
  3 hobgoblins
  6 jackals
  6 kobolds
  3 quokkas
  2 bats
  8 frilled lizards
  6 goblins
  5 rats
137 creatures vanquished.

Vanquished Creatures (collateral kills)
  An ogre (D:4)
  2 bullfrogs (Sewer)
  A crimson imp (D:5)
  A jelly (D:5)
  4 adders (Sewer)
  6 oozes (Sewer)
  2 leopard geckos (Sewer)
  An orc (D:6)
  A ball python (Sewer)
  3 giant cockroaches (Sewer)
  3 frilled lizards (Sewer)
25 creatures vanquished.

Grand Total: 162 creatures vanquished

Notes
Turn   | Place    | Note
-------+----------+-------------------------------------------
     0 | D:1      | AlterAsc the Draconian Transmuter began the quest for the
                  | Orb.
     0 | D:1      | Reached XP level 1. HP: 16/16 MP: 3/3
   308 | D:1      | You fall into a shaft and drop 1 floor!
   326 | D:1      | Reached XP level 2. HP: 21/23 MP: 3/5
  1901 | D:2      | Reached XP level 3. HP: 28/28 MP: 4/6
  1923 | D:2      | Found a basalt altar of Yredelemnul.
  2014 | D:2      | Learned a level 2 spell: Sticks to Snakes
  2459 | D:2      | Reached XP level 4. HP: 35/35 MP: 8/8
  3921 | D:4      | Reached XP level 5. HP: 20/40 MP: 8/10
  4091 | D:4      | Found a runed translucent door.
  4092 | D:4      | Noticed Crazy Yiuf
  4146 | D:4      | Noticed an ogre
  4160 | D:4      | Killed an ogre
  4237 | D:4      | Found a glowing drain.
  4264 | Sewer    | Entered a sewer
  4450 | Sewer    | Reached XP level 6. HP: 43/47 MP: 10/12
  4768 | Sewer    | Reached skill level 5 in Transmutations
  5126 | D:4      | Found a bloodstained altar of Trog.
  5137 | D:4      | Found a hazy altar of Hepliaklqana.
  5354 | D:5      | Entered Level 5 of the Dungeon
  5364 | D:5      | Reached skill level 5 in Spellcasting
  5557 | D:5      | Your scales start taking on a golden yellow colour.
  5557 | D:5      | Reached XP level 7. HP: 50/52 MP: 12/14
  5557 | D:5      | Gained mutation: You are resistant to acid. (rCorr) [Yellow
                  | Draconian growth]
  5645 | D:5      | Found a staircase to the Ecumenical Temple.
  5654 | Temple   | Entered the Ecumenical Temple
  5680 | Temple   | Became a worshipper of Cheibriados the Contemplative
  6192 | D:6      | Noticed Prince Ribbit
  6488 | D:5      | Learned a level 5 spell: Blade Hands
  6753 | D:6      | Reached XP level 8. HP: 59/59 MP: 11/17
  6856 | D:6      | Reached * piety under Cheibriados
  7330 | D:6      | Killed Prince Ribbit
  7535 | D:7      | Noticed Harold
  7647 | D:7      | Killed Harold
  7647 | D:7      | Reached ** piety under Cheibriados
  7647 | D:7      | Reached skill level 5 in Unarmed Combat
  7647 | D:7      | Reached XP level 9. HP: 13/71 MP: 13/19
  7656 | D:7      | Killed from afar by an orc priest

Levels and vault maps discovered:
D:1:      dpeg_arrival_windows_large_door, layout_basic,
          serial_co_window_serial, co_window_paths_a, co_window_corner_a,
          co_window_paths_a, co_window_paths_a, co_window_paths_a,
          co_window_broadway_c, co_window_2corner, co_window_corner_b,
          co_window_of_opportunity_b, co_window_paths_d, co_window_4corner_b,
          glass_columns_c, glass_columns_b, glass_columns_a,
          minmay_strange_pillars
D:2:      layout_basic, nicolae_overflow_crystal_walls
D:3:      layout_basic, first_ration
D:4:      layout_basic, amethyst_overflow_temple_binary, portal_sewer_entry_d,
          uniq_crazy_yiuf_cottage
D:5:      layout_basic, minmay_temple_entry_slanted, serial_park_tiny_1
D:6:      layout_gridville, uniq_prince_ribbit1
D:7:      layout_rooms, lemuel_crystal_altar, uniq_harold
Temple:   regret_index_temple_mists

Skill      XL: |  1  2  3  4  5  6  7  8  9 |
---------------+----------------------------+-----
Dodging        | 2 |  2.4
Transmutations | 3 4 5 6 7 |  7.7
Spellcasting   | 3 4 5 6 7 |  7.2
Fighting       | 3 4 |  4.1
Unarmed Combat | 5 |  5.9

Action                   |  1- 3 |  4- 6 |  7- 9 || total
-------------------------+-------+-------+-------++-------
Melee: Unarmed           |   107 |   343 |   207 ||   657
       Headbutt          |     8 |    17 |     7 ||    32
       Tailslap          |     8 |    40 |    30 ||    78
       Kick              |     2 |    18 |     8 ||    28
       Punch             |     1 |     5 |     7 ||    13
 Cast: Beastly Appendage |    15 |    28 |     8 ||    51
       Sticks to Snakes  |       |    20 |     6 ||    26
       Blade Hands       |       |       |    15 ||    15
  Use: Potion            |     1 |       |     2 ||     3
       Scroll            |       |     3 |     4 ||     7
 Stab: Sleeping          |       |     1 |       ||     1
       Distracted        |       |     1 |       ||     1
  Eat: Ration            |     1 |       |     2 ||     3
       Chunk             |     2 |    11 |     5 ||    18
Armor: Skin              |    24 |   158 |    82 ||   264
Dodge: Dodged            |    77 |   300 |   154 ||   531
